 Dungeon Crawl Stone Soup version 0.29.0-4-gdea44cf6ec (webtiles) character file.

Game seed: 15338011231694916788

21 qw the Chopper (level 2, 0/17 HPs)
             Began as a Tengu Warper on Aug 28, 2022.
             Succumbed to their own poison gas
             ... on level 1 of the Dungeon.
             The game lasted 00:00:05 (1069 turns).

qw the Chopper (Tengu Warper)                       Turns: 1069, Time: 00:00:05

Health: 0/17       AC:  5    Str:  8 (11) XL:     2   Next: 87%
Magic:  6/6        EV:  8    Int: 11 (13) God:
Gold:   48         SH:  6    Dex: 11 (13) Spells: 5/5 levels left

rFire   + . .      SeeInvis .   Y - +0 hand axe
rCold   . . .      Faith    .   g - +0 kite shield
rNeg    . . .      Spirit   .   e - +0 ring mail
rPois   .          Reflect  .   (helmet restricted)
rElec   .          Harm     .   (no cloak)
rCorr   .          Rampage  .   (no gloves)
Will    .....                   (boots unavailable)
Stlth   +.........              (no amulet)
HPRegen 0.05/turn               m - ring of protection from fire
MPRegen 0.10/turn               (no ring)

@: lethally poisoned (0 -> -5), weak-willed
A: beak, talons 3
a: no special abilities


You were on level 1 of the Dungeon.
You visited 1 branch of the dungeon, and saw 1 of its levels.

You collected 48 gold pieces.


Innate Abilities, Weirdness & Mutations

You have a beak for a mouth.
You have claws for feet.


   Skills:
 - Level 2.0 Fighting
 - Level 3.6 Axes
 - Level 1.0 Throwing
 - Level 1.1 Armour
 - Level 2.1 Dodging
 + Level 0.0 Shields
 - Level 2.0 Spellcasting
 - Level 2.4 Translocations


You had 5 spell levels left.
You didn't know any spells.
Your spell library contained the following spells:

 Spells                   Type           Power      Damage    Failure   Level
 Blink                    Tloc           12%        N/A       88%         2
 Gell's Gravitas          Tloc           6%         N/A       98%         3
 Lesser Beckoning         Tloc           6%         N/A       98%         3
 Teleport Other           Tloc           6%         N/A       98%         3
 Manifold Assault         Tloc           6%         N/A       100%        5

Inventory:

Hand Weapons
 i - a +0 flail
 Y - a +0 hand axe (weapon)
Missiles
 l - a javelin (quivered)
Armour
 e - a +0 ring mail (worn)
 g - a +0 kite shield (worn)
Jewellery
 m - a ring of protection from fire (left hand)
Scrolls
 f - 2 scrolls of identify

Dungeon Overview and Level Annotations

Branches:
Dungeon (1/15)

Altars:


Message History

As you read the scroll labelled CEIBIR DUFU, it crumbles to dust.
It is a scroll of identify.
Really abort (and waste the scroll)?
Partly explored, can't reach some places.
1060 ||| READING scroll labelled ROTUURH MADESS.
As you read the scroll labelled ROTUURH MADESS, it crumbles to dust.
The scroll dissolves into smoke.
It was a scroll of fog.
Partly explored, can't reach some places.
1061 ||| READING scroll labelled FYNUOFI DOVINEC.
As you read the scroll labelled FYNUOFI DOVINEC, it crumbles to dust.
Magic quickly surges around you.
It was a scroll of vulnerability.
Partly explored, can't reach some places.
1062 ||| DRINKING 2 orange potions.
It was a potion of degeneration.
There was something very wrong with that liquid.
You feel weakened.
You feel dopey.
You feel clumsy.
Partly explored, can't reach some places.
1063 ||| DROPPING scroll of blinking.
You drop a scroll of blinking.
Partly explored, can't reach some places.
1064 ||| DROPPING potion of degeneration.
You drop a potion of degeneration.
Partly explored, can't reach some places.
(D) Dungeon
Where to? (* - list waypoints, ? - help)
What level of the Dungeon? (default 1, ? - help) Sorry, I don't know how to get there.
Partly explored, can't reach some places.
1065 ||| Stepping randomly (stuck).
Really walk into that cloud of poison gas?
You are engulfed in poison gas.
You are poisoned.
You feel very sick.
1066 ||| Stepping ~*~*~tactically~*~*~ (cloud).
You feel sick.
Things that are here:
a potion of degeneration; a scroll of blinking; a +0 leather armour
There is a lethal amount of poison in your body!
You feel sick.
There is a lethal amount of poison in your body!
You feel sick.
There is a lethal amount of poison in your body!
You die... 77

77777...77 7.777....###
77.777.7777...77.....#####
777.77
77...777.77..........
777..77
777...770777.....###
7..777 777¤.¤00777777....
7.77 777¤~0777 777.# 7
77.77 77~00¤77 77). 7 77.7
777~~0¤0077777 7..# 7
77.77
7¤¤¤@.07.....77777..#
77777.7.7
7~~~70¤¤7777.....7...77
..7....777~~~


77¤77 7777....777 7P.7P777 7 777 777777 777777 There were no monsters in sight!

Vanquished Creatures
  A dart slug (D:1)
  2 ball pythons (D:1)
  A giant cockroach (D:1)
  3 hobgoblins (D:1)
  3 jackals (D:1)
  4 kobolds (D:1)
  A goblin (D:1)
  2 rats (D:1)
17 creatures vanquished.

Notes
Turn   | Place    | Note
-------+----------+-------------------------------------------
     0 | D:1      | qw the Tengu Warper began the quest for the Orb.
     0 | D:1      | Reached XP level 1. HP: 12/12 MP: 4/4
     0 | D:1      | 0 ||| qw: Version: 0.1-a-89-g26bdef1
     0 | D:1      | 0 ||| qw: Game counter: 2065
     0 | D:1      | 0 ||| qw: Always use a shield: true
     0 | D:1      | 0 ||| qw: God list: Okawaru
     0 | D:1      | 0 ||| qw: Allow faded altars: false
     0 | D:1      | 0 ||| qw: Do Orc after D:15 true
     0 | D:1      | 0 ||| qw: Do second Lair branch before Depths: true
     0 | D:1      | 0 ||| qw: Lair rune preference: random
     0 | D:1      | 0 ||| qw: Plans: Normal
     0 | D:1      | 0 ||| PLANNING D:1-11
   276 | D:1      | 276 ||| Stepping ~*~*~tactically~*~*~ (hiding).
   277 | D:1      | 277 ||| Stepping ~*~*~tactically~*~*~ (hiding).
   384 | D:1      | 384 ||| DROPPING +0 club.
   436 | D:1      | Reached XP level 2. HP: 16/17 MP: 6/6
   440 | D:1      | Reached skill level 3 in Axes
   500 | D:1      | 500 ||| Stepping ~*~*~tactically~*~*~ (stealth).
   502 | D:1      | 502 ||| Stepping ~*~*~tactically~*~*~ (stealth).
   504 | D:1      | 504 ||| Stepping ~*~*~tactically~*~*~ (stealth).
   518 | D:1      | 518 ||| Stepping ~*~*~tactically~*~*~ (stealth).
   521 | D:1      | 521 ||| Stepping ~*~*~tactically~*~*~ (stealth).
  1041 | D:1      | 1041 ||| UPGRADING to +0 ring mail.
  1051 | D:1      | 1051 ||| DROPPING +0 leather armour.
  1052 | D:1      | 1052 ||| UPGRADING to +0 kite shield.
  1057 | D:1      | 1057 ||| UPGRADING to ring of protection from fire.
  1058 | D:1      | 1058 ||| READING scroll labelled REXAAH ZONOBO.
  1059 | D:1      | 1059 ||| READING 3 scrolls labelled CEIBIR DUFU.
  1060 | D:1      | 1060 ||| READING scroll labelled ROTUURH MADESS.
  1061 | D:1      | 1061 ||| READING scroll labelled FYNUOFI DOVINEC.
  1062 | D:1      | 1062 ||| DRINKING 2 orange potions.
  1063 | D:1      | 1063 ||| DROPPING scroll of blinking.
  1064 | D:1      | 1064 ||| DROPPING potion of degeneration.
  1065 | D:1      | 1065 ||| Stepping randomly (stuck).
  1066 | D:1      | 1066 ||| Stepping ~*~*~tactically~*~*~ (cloud).
  1067 | D:1      | HP: 3/17 [poisoned by you (poison gas)]
  1068 | D:1      | HP: 1/17 [poisoned by you (poison gas)]
  1069 | D:1      | Succumbed to their own poison gas

Levels and vault maps discovered:
D:1:      kilobyte_arrival_exit_the_forest, layout_loops_ring

Skill      XL: |  1  2 |
---------------+-------+-----
Axes           | 3 |  3.6
Fighting       | |  2.0
Throwing       | |  1.0
Armour         | |  1.1
Dodging        | |  2.1
Spellcasting   | |  2.0
Translocations | |  2.4

Action                   || total
-------------------------++-------
Melee: Hand axe          ||    34
       Peck              ||     8
       Kick              ||     5
Throw: Boomerang         ||     7
       Javelin           ||    11
  Use: Scroll            ||     4
       Potion            ||     1
Armor: Leather armour    ||     7
Dodge: Dodged            ||    23

Table legend:
 A = Non-vault XP
 B = Vault XP
 C = Vault XP percentage of total XP
 D = Non-vault monster count
 E = Vault monster count
 F = Vault count percentage of total count
                 A         B        C        D         E       F
            +---------+---------+-------+---------+---------+-------
      Total |      31 |       0 |   0.0 |      17 |       0 |   0.0
            +---------+---------+-------+---------+---------+-------
        D:1 |      31 |       0 |   0.0 |      17 |       0 |   0.0
            +---------+---------+-------+---------+---------+-------
